 Dungeon Crawl Stone Soup version 0.21.1-1-g345015f (webtiles) character file.

73694 letownia2 the Thaumaturge (level 15, -1/117 HPs)
             Began as a Gnoll Skald on Feb 27, 2018.
             Was the Champion of Cheibriados.
             Slain by a naga mage
             ... wielding a +0 whip
              (2 damage)
             ... on level 3 of the Snake Pit.
             The game lasted 01:12:54 (8920 turns).

letownia2 the Thaumaturge (Gnoll Skald)             Turns: 8920, Time: 01:12:54

Health: -1/117     AC: 14    Str: 34    XL:     15   Next: 44%
Magic:  0/44       EV: 21    Int: 35    God:    Cheibriados [******]
Gold:   902        SH:  0    Dex: 30    Spells: 5/36 levels left

rFire    . . .     SeeInvis .   J - +3 halberd (vamp)
rCold    . . .     Gourm    .   (shield currently unavailable)
rNeg     . . .     Faith    .   z - +4 moon troll leather armour {Spirit, Regen++ MP+5}
rPois    +         Spirit   +   E - +1 helmet
rElec    .         Reflect  .   (no cloak)
rCorr    .         Harm     .   N - +1 pair of gloves "Kougicif" {Str+4}
MR       ++...                  (no boots)
Stlth    +++++.....             t - amulet of guardian spirit
HPRegen  1.09/turn              f - ring of magical power
MPRegen  0.29/turn              T - ring of Pampef {*Corrode +Blink rPois MR+}

@: no potions, very slightly contaminated, constricted, very slow
A: distributed training, fangs 1, strong nose
a: Bend Time, Temporal Distortion, Slouch, Step From Time, Renounce Religion,
Evoke Blink


You were on level 3 of the Snake Pit.
You worshipped Cheibriados.
Cheibriados was exalted by your worship.
You were very hungry.

You visited 5 branches of the dungeon, and saw 25 of its levels.
You also visited: Labyrinth and Volcano.

You collected 1970 gold pieces.
You spent 1068 gold pieces at shops.

Inventory:

Hand Weapons
 a - a +2 trident of flaming
 b - a +1 great sword of holy wrath
 j - the +1 trident of Disorder {antimagic, *Corrode rF- rC+++ Str+8}
   (You bought it in a shop on level 2 of the Orcish Mines)

   It reduces the magical energy of the wielder, and disrupts the spells and
   magical abilities of those hit.
   Natural abilities and divine invocations are not affected.
   It affects your strength (+8).
   It makes you vulnerable to fire.
   It renders you almost immune to cold.
   It may corrode you when you take damage.
 q - the +0 arbalest of Halyipaeba {flame, *Slow rElec Str+2 Dex+4}
   (You bought it in a shop on level 2 of the Orcish Mines)

   It causes projectiles fired from it to burn those they strike, causing extra
   injury to most foes and up to half again as much damage against particularly
   susceptible opponents.
   It affects your strength (+2).
   It affects your dexterity (+4).
   It insulates you from electricity.
   It may slow you when you take damage.
 r - a +3 antimagic halberd
 J - a +3 vampiric halberd (weapon)
 L - a +1 battleaxe of flaming
 O - a +1 great mace of flaming
Missiles
 c - 46 tomahawks (quivered)
 o - 55 arrows
 v - 2 bolts
 A - a tomahawk of dispersal
 H - a throwing net
Armour
 g - a +2 chain mail of magic resistance
 y - a +1 plate armour of cold resistance
 z - the +4 moon troll leather armour (worn) {Spirit, Regen++ MP+5}
   (You found it on level 8 of the Dungeon)

   It affects your magic capacity (+5).
   It increases your rate of regeneration.
 B - a +2 scale mail of poison resistance
 E - a +1 helmet (worn)
 M - a +3 leather armour of fire resistance
 N - the +1 pair of gloves "Kougicif" (worn) {Str+4}
   (You bought it in a shop on level 2 of the Orcish Mines)

   It affects your strength (+4).
Magical Staves
 S - an uncursed staff of power
Jewellery
 f - a ring of magical power (left hand)
 t - an amulet of guardian spirit (around neck)
 T - the ring of Pampef (right hand) {*Corrode +Blink rPois MR+}
   (You acquired it on level 13 of the Dungeon)

   [ring of poison resistance]

   It protects you from poison.
   It affects your resistance to hostile enchantments.
   It lets you blink.
   It may corrode you when you take damage.
Wands
 e - a wand of paralysis (12)
 l - a wand of enslavement (14)
 D - a wand of clouds (3)
 F - a wand of disintegration (4)
 G - a wand of flame (41)
 X - a wand of acid (10)
 Z - a wand of digging (8)
Scrolls
 d - a scroll of fog
 i - 3 scrolls of amnesia
 p - 2 scrolls of immolation
 C - 8 scrolls of teleportation
 I - 3 scrolls of identify
 Q - 3 scrolls of remove curse
 Y - a scroll of magic mapping
Potions
 k - a potion of lignification
 m - 3 potions of curing
 n - 2 potions of agility
 s - 2 potions of might
 u - a potion of flight {unknown}
 x - 2 potions of haste
 K - 2 potions of resistance {unknown}
 P - a potion of berserk rage {unknown}
 U - 2 potions of cancellation {unknown}
 V - a potion of brilliance
 W - 2 potions of heal wounds {unknown}
Books
 h - a book of Flames

   Spells                             Type                      Level
   a - Flame Tongue                   Conjuration/Fire             1
   b - Throw Flame                    Conjuration/Fire             2
   c - Conjure Flame                  Conjuration/Fire             3
   d - Inner Flame                    Hexes/Fire                   3
   e - Sticky Flame                   Conjuration/Fire             4
   f - Fireball                       Conjuration/Fire             5
 R - the Incunabulum of Displaced Air
   (You found it in a labyrinth)

   Spells                             Type                      Level
   a - Shock                          Conjuration/Air              1
   b - Poisonous Vapours              Poison/Air                   2
   c - Static Discharge               Conjuration/Air              3
   d - Freezing Cloud                 Conjuration/Ice/Air          6
   e - Controlled Blink               Translocation                8
Comestibles
 w - 20 rations


   Skills:
 + Level 10.8 Fighting
 + Level 9.9 Short Blades
 + Level 9.9 Long Blades
 + Level 9.9 Axes
 + Level 9.9 Maces & Flails
 + Level 10.8 Polearms
 + Level 9.9 Staves
 + Level 9.9 Slings
 + Level 9.9 Bows
 + Level 9.9 Crossbows
 + Level 9.9 Throwing
 + Level 10.2 Armour
 + Level 10.8 Dodging
 + Level 9.9 Stealth
 + Level 9.9 Shields
 + Level 9.9 Unarmed Combat
 + Level 11.0 Spellcasting
 + Level 8.3 Conjurations
 + Level 8.3 Hexes
 + Level 10.0 Charms
 + Level 8.3 Summonings
 + Level 8.3 Necromancy
 + Level 8.3 Translocations
 + Level 8.3 Transmutations
 + Level 8.3 Fire Magic
 + Level 8.3 Ice Magic
 + Level 8.3 Air Magic
 + Level 8.3 Earth Magic
 + Level 8.3 Poison Magic
 + Level 10.7 Invocations
 + Level 9.9 Evocations


You had 5 spell levels left.
You knew the following spells:

 Your Spells              Type           Power        Failure   Level  Hunger
a - Infusion              Chrm           ####         1%          1    None
c - Conjure Flame         Conj/Fire      ######..     1%          3    None
d - Throw Icicle          Conj/Ice       ######..     1%          4    None
f - Freezing Cloud        Conj/Ice/Air   ######....   12%         6    ####...
g - Regeneration          Chrm/Necr      ######....   1%          3    None
i - Summon Ice Beast      Ice/Summ       ######..     1%          4    None
l - Song of Slaying       Chrm           ######..     1%          2    None
o - Ozocubu's Armour      Chrm/Ice       ######..     1%          3    None
t - Shroud of Golubria    Chrm/Tloc      ######....   1%          2    None
x - Spectral Weapon       Hex/Chrm       ######..     1%          3    None


Dungeon Overview and Level Annotations

Branches:
Dungeon (13/15)            Temple (1/1) D:4            Lair (6/6) D:11
  Snake (3/4) Lair:4        Slime (0/5) Lair:6          Orc (2/2) D:10
    Elf (0/3) Orc:2        Vaults (0/5) D:13
  Swamp: Lair:2-4    Shoals: Lair:2-4

Altars:
Cheibriados
Dithmenos
Elyvilon
Fedhas
Gozag
Hepliaklqana
Kikubaaqudgha
Nemelex Xobeh
Ru
Sif Muna
Vehumet
Wu Jian
Xom
Zin
The Shining One
Beogh
Jiyva

Shops:
D:8 ?   D:9 :   Orc:2 %([%

Portals:
Trove: D:11 (give 2 scrolls of acquirement)

Annotations:
D:6 soepske's ghost, novice GnAK
Snake:3 Mara


Innate Abilities, Weirdness & Mutations

Your experience applies equally to all skills.
You have very sharp teeth.
Your uncanny sense of smell can sniff out nearby items.


Message History

The naga ritualist's grasp on you weakens, but your attempt to escape fails.
The naga ritualist hits you but does no damage.
The naga ritualist constricts you.
Mara boasts, "I am lord over the four continents and the two thousand adjacent isles."
Mara completely misses you.
The naga mage casts a spell.
The naga mage seems to speed up.
The naga warrior is engulfed in freezing vapours.
Unknown command.
Unknown command.
Unknown command.
You escape the naga ritualist's grasp.
The naga mage hits you with a whip.
* * * LOW HITPOINT WARNING * * *
The naga mage completely misses you.
Mara blinks!
The naga mage closely misses you. The naga mage grabs you.
The naga mage constricts you.
The salamander mystic closely misses you.
The naga warrior is engulfed in freezing vapours.
The naga mage misses you.
You die...

######## ......
# ..... #.
##...## #..
##..#..## N.
#...#.N.#SNN#...
#.....N@#SSNN...
.....###R###....
#..§§§§N#NN.....
#)..#§§S#SN.#...
#.. ##N§#N.## ..
.. ##N..## .
..... ......
.......#


You could see Mara, a naga warrior, 2 naga sharpshooters, 2 salamander mystics,
2 salamanders, 2 anacondas, 2 naga ritualists, a mana viper, 2 black mambas, a
naga mage and 3 nagas.

Vanquished Creatures
  Rupert (D:13)
  An orc warlord (Orc:2)
  A dire elephant (Lair:6)
  An ettin (Orc:2)
  A minotaur (Lab)
  Josephine (D:12)
  A naga warrior (Snake:1)
  3 hydras
  An anaconda (Snake:3)
  Erica (D:11)
  3 catoblepae
  2 centaur warriors (D:13)
  8 death yaks
  3 two-headed ogres
  2 naga sharpshooters (Snake:1)
  An orc high priest (Orc:2)
  A fire crab (Lair:6)
  3 skeletal warriors (D:12)
  An unseen horror (D:12)
  A lindwurm (Lair:6)
  4 orc knights
  3 mana vipers
  A deep elf mage (D:13)
  2 salamanders (Snake:1)
  4 orc sorcerers
  2 oklob plants (Lair:4)
  3 manticores
  5 ugly things
  2 elephants (Lair:6)
  A guardian serpent (Snake:1)
  Joseph (Lair:1)
  2 molten gargoyles (Volcano)
  A smoke demon (Volcano)
  7 black mambas
  3 naga magi (Snake:1)
  A rime drake (Lair:4)
  A kobold demonologist (D:12)
  3 komodo dragons
  6 spiny frogs
  An efreet (D:13)
  2 red devils (Volcano)
  A hornet (D:9)
  6 slime creatures (D:12)
  3 trolls
  6 hippogriffs
  9 blink frogs
  7 dream sheep
  A hungry ghost (D:8)
  38 yaks
  3 wyverns
  2 fire bats (Volcano)
  5 wraiths (D:12)
  16 humans
  4 hogs (D:8)
  2 basilisks
  A warg (Orc:1)
  11 nagas
  4 hell hounds
  6 water moccasins
  5 porcupines
  A sky beast (D:13)
  A hornet zombie (D:12)
  An ice beast (D:8)
  A black bear (Lair:5)
  25 orc warriors
  2 necrophages
  A wolf (Lair:6)
  16 ogres
  3 phantoms
  8 centaurs
  5 crocodiles
  3 big kobolds (D:10)
  13 bullfrogs
  2 scorpions
  6 wights
  7 killer bees
  A howler monkey (D:8)
  6 lava snakes (Volcano)
  4 crimson imps
  2 centaur zombies
  2 bullfrog zombies (D:11)
  20 orc wizards
  18 orc priests
  4 hounds
  2 iguanas
  2 jellies
  A gnoll shaman (D:4)
  5 worker ants
  A mummy (D:11)
  A howler monkey zombie (D:9)
  3 worker ant zombies
  11 adders
  3 gnolls (D:4)
  2 shadow imps (D:8)
  4 worms
  A dart slug (D:4)
  3 leopard geckos
  102 orcs
  A ball python (D:8)
  3 giant cockroaches
  3 goblins
  3 hobgoblins
  3 jackals (D:2)
  3 quokkas
  2 bats
  2 frilled lizards
  9 kobolds
  3 rats
  A bush (Lair:3)
  5 plants
  5 spectral weapons
558 creatures vanquished.

Vanquished Creatures (others)
  A naga (Snake:1)
  A fungus (Lair:5)
  18 plants (Lair:5)
  15 spectral weapons
35 creatures vanquished.

Grand Total: 593 creatures vanquished

Notes
Turn   | Place    | Note
-------+----------+-------------------------------------------
     0 | D:1      | letownia2 the Gnoll Skald began the quest for the Orb.
     0 | D:1      | Reached XP level 1. HP: 20/20 MP: 6/6
   201 | D:2      | Reached XP level 2. HP: 26/26 MP: 7/7
   209 | D:2      | Learned a level 2 spell: Song of Slaying
   212 | D:2      | Learned a level 2 spell: Shroud of Golubria
   248 | D:2      | Reached XP level 3. HP: 29/31 MP: 5/9
   283 | D:2      | Reached skill level 5 in Spellcasting
   414 | D:3      | Reached skill level 1 in Invocations
   427 | D:3      | Learned a level 3 spell: Regeneration
   431 | D:3      | Learned a level 3 spell: Spectral Weapon
   456 | D:4      | Noticed a phantom
   469 | D:4      | Killed a phantom
   469 | D:4      | Reached skill level 1 in Short Blades
   469 | D:4      | Reached skill level 1 in Long Blades
   469 | D:4      | Reached skill level 1 in Axes
   469 | D:4      | Reached skill level 1 in Maces & Flails
   469 | D:4      | Reached skill level 1 in Staves
   469 | D:4      | Reached skill level 1 in Slings
   469 | D:4      | Reached skill level 1 in Bows
   469 | D:4      | Reached skill level 1 in Crossbows
   469 | D:4      | Reached skill level 1 in Throwing
   469 | D:4      | Reached skill level 1 in Stealth
   469 | D:4      | Reached skill level 1 in Shields
   469 | D:4      | Reached skill level 1 in Unarmed Combat
   469 | D:4      | Reached skill level 1 in Conjurations
   469 | D:4      | Reached skill level 1 in Hexes
   469 | D:4      | Reached skill level 1 in Summonings
   469 | D:4      | Reached skill level 1 in Necromancy
   469 | D:4      | Reached skill level 1 in Translocations
   469 | D:4      | Reached skill level 1 in Transmutations
   469 | D:4      | Reached skill level 1 in Fire Magic
   469 | D:4      | Reached skill level 1 in Ice Magic
   469 | D:4      | Reached skill level 1 in Air Magic
   469 | D:4      | Reached skill level 1 in Earth Magic
   469 | D:4      | Reached skill level 1 in Poison Magic
   469 | D:4      | Reached skill level 1 in Evocations
   469 | D:4      | Reached XP level 4. HP: 29/38 MP: 10/11
   469 | D:4      | Reached XP level 5. HP: 33/43 MP: 10/12
   492 | D:4      | Noticed an ogre
   509 | D:4      | Killed an ogre
   528 | D:4      | Noticed a phantom
   567 | D:4      | Found a staircase to the Ecumenical Temple.
   576 | Temple   | Entered the Ecumenical Temple
   604 | Temple   | Became a worshipper of Cheibriados the Contemplative
   689 | D:4      | Reached XP level 6. HP: 47/50 MP: 12/13
   725 | D:5      | Entered Level 5 of the Dungeon
   746 | D:5      | Noticed a phantom
   757 | D:5      | Killed a phantom
   757 | D:5      | Reached skill level 5 in Fighting
   757 | D:5      | Reached skill level 5 in Polearms
   757 | D:5      | Reached skill level 5 in Dodging
   815 | D:5      | Reached XP level 7. HP: 26/56 MP: 4/15
   873 | D:5      | Found a hazy altar of Hepliaklqana.
   887 | D:5      | Reached * piety under Cheibriados
  1027 | D:5      | Found a deep blue altar of Sif Muna.
  1090 | D:6      | Reached XP level 8. HP: 53/63 MP: 16/16
  1129 | D:6      | Found a shimmering altar of Xom.
  1130 | D:6      | Found a shimmering altar of Xom.
  1130 | D:6      | Found a shimmering altar of Xom.
  1131 | D:6      | Found a shimmering altar of Xom.
  1132 | D:6      | Found a shimmering altar of Xom.
  1233 | D:6      | Noticed soepske's ghost (novice GnAK)
  1345 | D:7      | Reached ** piety under Cheibriados
  1378 | D:8      | Reached skill level 6 in Spellcasting
  1438 | D:8      | Found the +4 moon troll leather armour {Spirit, Regen++ MP+5}
  1517 | D:8      | Found a sacrificial altar of Ru.
  1697 | D:8      | Reached XP level 9. HP: 69/69 MP: 18/18
  1861 | D:9      | Found Sonoleng's Book Emporium.
  1869 | D:9      | Noticed a hornet
  1879 | D:9      | Killed a hornet
  1879 | D:9      | Reached skill level 5 in Armour
  1891 | D:8      | Reached *** piety under Cheibriados
  2034 | D:8      | Noticed a red ugly thing
  2048 | D:8      | Killed a red ugly thing
  2048 | D:8      | Reached skill level 5 in Invocations
  2077 | D:8      | Found Vearghips's Magic Scroll Boutique.
  2085 | D:8      | Bought 2 scrolls of magic mapping for 98 gold pieces
  2085 | D:8      | Bought a scroll of teleportation for 42 gold pieces
  2166 | D:8      | Reached skill level 7 in Spellcasting
  2166 | D:8      | Reached XP level 10. HP: 74/77 MP: 15/20
  2423 | D:9      | Reached skill level 5 in Short Blades
  2423 | D:9      | Reached skill level 5 in Long Blades
  2423 | D:9      | Reached skill level 5 in Axes
  2423 | D:9      | Reached skill level 5 in Maces & Flails
  2423 | D:9      | Reached skill level 5 in Staves
  2423 | D:9      | Reached skill level 5 in Slings
  2423 | D:9      | Reached skill level 5 in Bows
  2423 | D:9      | Reached skill level 5 in Crossbows
  2423 | D:9      | Reached skill level 5 in Throwing
  2423 | D:9      | Reached skill level 5 in Stealth
  2423 | D:9      | Reached skill level 5 in Shields
  2423 | D:9      | Reached skill level 5 in Unarmed Combat
  2423 | D:9      | Reached skill level 5 in Evocations
  2460 | D:9      | Reached **** piety under Cheibriados
  2535 | D:10     | Entered Level 10 of the Dungeon
  2644 | D:10     | Noticed a two-headed ogre
  2653 | D:10     | Killed a two-headed ogre
  2748 | D:10     | Reached XP level 11. HP: 26/84 MP: 1/22
  2818 | D:10     | Found a staircase to the Orcish Mines.
  2843 | Orc:1    | Entered Level 1 of the Orcish Mines
  3010 | Orc:1    | Reached ***** piety under Cheibriados
  3038 | Orc:1    | Reached skill level 5 in Conjurations
  3038 | Orc:1    | Reached skill level 5 in Hexes
  3038 | Orc:1    | Reached skill level 5 in Summonings
  3038 | Orc:1    | Reached skill level 5 in Necromancy
  3038 | Orc:1    | Reached skill level 5 in Translocations
  3038 | Orc:1    | Reached skill level 5 in Transmutations
  3038 | Orc:1    | Reached skill level 5 in Fire Magic
  3038 | Orc:1    | Reached skill level 5 in Ice Magic
  3038 | Orc:1    | Reached skill level 5 in Air Magic
  3038 | Orc:1    | Reached skill level 5 in Earth Magic
  3038 | Orc:1    | Reached skill level 5 in Poison Magic
  3042 | Orc:1    | Noticed an orc sorcerer
  3049 | Orc:1    | Killed an orc sorcerer
  3056 | Orc:1    | Found a deep blue altar of Sif Muna.
  3131 | Orc:1    | Reached skill level 8 in Spellcasting
  3149 | Orc:2    | Entered Level 2 of the Orcish Mines
  3157 | Orc:2    | Found a roughly hewn altar of Beogh.
  3180 | Orc:2    | Noticed a two-headed ogre
  3191 | Orc:2    | Killed a two-headed ogre
  3226 | Orc:2    | Found a dark tunnel.
  3296 | Volcano  | Entered a volcano
  3544 | Volcano  | Found a bloodstained altar of Trog.
  3544 | Volcano  | Noticed a red ugly thing
  3544 | Volcano  | Noticed a red ugly thing
  3552 | Volcano  | Killed a red ugly thing
  3566 | Volcano  | Killed a cyan ugly thing
  3645 | Volcano  | Noticed an orc sorcerer
  3655 | Volcano  | Paralysed by an orc sorcerer for 6 turns
  3666 | Volcano  | Killed an orc sorcerer
  3776 | Orc:2    | Found a roughly hewn altar of Beogh.
  3799 | Orc:2    | Reached XP level 12. HP: 93/93 MP: 24/24
  3888 | Orc:2    | Noticed an ettin
  3897 | Orc:2    | Killed an ettin
  3927 | Orc:2    | Noticed an orc high priest
  3930 | Orc:2    | Killed an orc high priest
  3941 | Orc:2    | Found a roughly hewn altar of Beogh.
  3974 | Orc:2    | Reached ****** piety under Cheibriados
  3979 | Orc:2    | Found Miom's Food Shoppe.
  4009 | Orc:2    | Found a roughly hewn altar of Beogh.
  4049 | Orc:2    | Found a roughly hewn altar of Beogh.
  4060 | Orc:2    | Found Mesi's Food Boutique.
  4124 | Orc:2    | Noticed an orc warlord
  4139 | Orc:2    | Killed an orc warlord
  4154 | Orc:2    | Found Pyarazaw's Antique Armour Boutique.
  4156 | Orc:2    | Found a roughly hewn altar of Beogh.
  4159 | Orc:2    | Found Jiesu's Antique Weapon Shop.
  4170 | Orc:2    | Bought a pair of polished gloves for 370 gold pieces
  4180 | Orc:2    | Identified the +1 pair of gloves "Kougicif" {Str+4} (You bought it in a shop on level 2 of the Orcish Mines)
  4191 | Orc:2    | Bought a fine trident for 204 gold pieces
  4191 | Orc:2    | Bought a faintly glowing arbalest for 228 gold pieces
  4191 | Orc:2    | Identified the cursed +1 trident of Disorder {antimagic, *Corrode rF- rC+++ Str+8} (You bought it in a shop on level 2 of the Orcish Mines)
  4219 | Orc:2    | Identified the cursed +0 arbalest of Halyipaeba {flame, *Slow rElec Str+2 Dex+4} (You bought it in a shop on level 2 of the Orcish Mines)
  4272 | Orc:2    | Reached skill level 9 in Spellcasting
  4418 | D:8      | Bought a scroll of teleportation for 42 gold pieces
  4418 | D:8      | Bought a scroll of remove curse for 42 gold pieces
  4418 | D:8      | Bought a scroll of teleportation for 42 gold pieces
  4525 | D:11     | Found a staircase to the Lair.
  4610 | D:11     | Found a roughly hewn altar of Beogh.
  4643 | D:11     | Found a portal to a secret trove of treasure.
  4664 | D:11     | Noticed a two-headed ogre
  4689 | D:11     | Killed a two-headed ogre
  4780 | D:11     | Reached XP level 13. HP: 96/101 MP: 25/26
  4852 | D:11     | Learned a level 3 spell: Ozocubu's Armour
  4862 | D:11     | Learned a level 4 spell: Summon Ice Beast
  4867 | D:11     | Learned a level 4 spell: Throw Icicle
  4868 | Lair:1   | Entered Level 1 of the Lair of Beasts
  4895 | Lair:1   | Found a labyrinth entrance.
  4901 | Lab      | Entered a labyrinth
  5814 | Lab      | Noticed a minotaur
  5819 | Lab      | Killed a minotaur
  5820 | Lab      | Identified the Incunabulum of Displaced Air
  6027 | Lair:4   | Found a staircase to the Snake Pit.
  6127 | Lair:5   | Learned a level 6 spell: Freezing Cloud
  6128 | Lair:6   | Entered Level 6 of the Lair of Beasts
  6488 | Lair:6   | Found a staircase to the Slime Pits.
  6488 | Lair:6   | Found a viscous altar of Jiyva.
  6860 | Lair:6   | Noticed a dire elephant
  6894 | Lair:6   | Killed a dire elephant
  6894 | Lair:6   | Reached skill level 10 in Spellcasting
  6901 | Lair:6   | Reached XP level 14. HP: 99/109 MP: 13/28
  6993 | Lair:6   | Reached skill level 10 in Fighting
  6993 | Lair:6   | Reached skill level 10 in Polearms
  6993 | Lair:6   | Reached skill level 10 in Dodging
  7805 | D:12     | Reached skill level 10 in Invocations
  7985 | D:12     | Noticed Josephine
  7998 | D:12     | Killed Josephine
  8035 | D:13     | Found a gate to the Vaults.
  8035 | D:13     | Noticed Rupert
  8263 | D:13     | Identified a scroll of acquirement
  8264 | D:13     | Got a brightly glowing bronze ring
  8265 | D:13     | Identified the ring of Pampef {*Corrode +Blink rPois MR+} (You acquired it on level 13 of the Dungeon)
  8293 | D:13     | Killed Rupert
  8293 | D:13     | Reached XP level 15. HP: 92/117 MP: 27/29
  8306 | D:13     | Reached skill level 10 in Armour
  8413 | D:11     | Noticed Erica
  8420 | D:11     | Killed Erica
  8501 | Lair:1   | Noticed Joseph
  8510 | Lair:1   | Killed Joseph
  8619 | Lair:3   | Learned a level 3 spell: Conjure Flame
  8675 | Snake:1  | Entered Level 1 of the Snake Pit
  8859 | Snake:1  | Reached skill level 11 in Spellcasting
  8911 | Snake:3  | Noticed Mara
  8917 | Snake:3  | Reached skill level 10 in Charms
  8918 | Snake:3  | HP: 4/117 [naga sharpshooter/bolt (13)]
  8918 | Snake:3  | HP: 1/117 [naga ritualist/dagger of venom (3)]
  8920 | Snake:3  | Slain by a naga mage

Skill      XL: |  1  2  3  4  5  6  7  8  9 10 11 12 13 14 15 |
---------------+----------------------------------------------+-----
Spellcasting   | 5 6 7 8 9 10 11 | 11.0
Invocations    | 1 2 3 4 5 6 7 8 9 10 | 10.7
Short Blades   | 1 2 3 4 5 6 7 8 9 |  9.9
Long Blades    | 1 2 3 4 5 6 7 8 9 |  9.9
Axes           | 1 2 3 4 5 6 7 8 9 |  9.9
Maces & Flails | 1 2 3 4 5 6 7 8 9 |  9.9
Staves         | 1 2 3 4 5 6 7 8 9 |  9.9
Slings         | 1 2 3 4 5 6 7 8 9 |  9.9
Bows           | 1 2 3 4 5 6 7 8 9 |  9.9
Crossbows      | 1 2 3 4 5 6 7 8 9 |  9.9
Throwing       | 1 2 3 4 5 6 7 8 9 |  9.9
Stealth        | 1 2 3 4 5 6 7 8 9 |  9.9
Shields        | 1 2 3 4 5 6 7 8 9 |  9.9
Unarmed Combat | 1 2 3 4 5 6 7 8 9 |  9.9
Conjurations   | 1 2 3 4 5 6 7 8 |  8.3
Hexes          | 1 2 3 4 5 6 7 8 |  8.3
Summonings     | 1 2 3 4 5 6 7 8 |  8.3
Necromancy     | 1 2 3 4 5 6 7 8 |  8.3
Translocations | 1 2 3 4 5 6 7 8 |  8.3
Transmutations | 1 2 3 4 5 6 7 8 |  8.3
Fire Magic     | 1 2 3 4 5 6 7 8 |  8.3
Ice Magic      | 1 2 3 4 5 6 7 8 |  8.3
Air Magic      | 1 2 3 4 5 6 7 8 |  8.3
Earth Magic    | 1 2 3 4 5 6 7 8 |  8.3
Poison Magic   | 1 2 3 4 5 6 7 8 |  8.3
Evocations     | 1 2 3 4 5 6 7 8 9 |  9.9
Armour         | 3 4 5 6 7 8 9 10 | 10.2
Fighting       | 5 6 7 8 9 10 | 10.8
Polearms       | 5 6 7 8 9 10 | 10.8
Dodging        | 5 6 7 8 9 10 | 10.8
Charms         | 6 7 8 9 10 | 10.0

Action                   |  1- 3 |  4- 6 |  7- 9 | 10-12 | 13-15 || total
-------------------------+-------+-------+-------+-------+-------++-------
Melee: Spear             |    91 |    82 |   302 |   378 |       ||   853
       Bite              |     8 |     6 |    42 |   112 |   117 ||   285
       Punch             |       |       |     9 |    39 |       ||    48
       Trident           |       |       |       |   267 |       ||   267
       Halberd           |       |       |       |    17 |   573 ||   590
 Fire: Shortbow          |       |       |       |    28 |       ||    28
Throw: Tomahawk          |       |       |       |     9 |     1 ||    10
 Cast: Infusion          |     5 |     2 |     1 |       |       ||     8
       Shroud of Golubri |     7 |     6 |    14 |    39 |    24 ||    90
       Song of Slaying   |     2 |     3 |     8 |    14 |    20 ||    47
       Spectral Weapon   |     1 |     7 |    25 |    47 |    47 ||   127
       Regeneration      |       |     1 |     5 |    19 |    14 ||    39
       Freezing Cloud    |       |       |       |       |    15 ||    15
       Ozocubu's Armour  |       |       |       |       |     1 ||     1
       Conjure Flame     |       |       |       |       |     1 ||     1
Invok: Slouch            |       |       |       |     1 |     2 ||     3
Evoke: Wand              |       |       |     2 |    16 |     7 ||    25
  Use: Scroll            |       |       |     3 |     8 |    13 ||    24
       Potion            |       |       |       |     4 |       ||     4
 Stab: Sleeping          |       |     2 |       |     3 |    10 ||    15
       Distracted        |       |       |     3 |    14 |     6 ||    23
       Paralysed         |       |       |    15 |    38 |       ||    53
       Petrified         |       |       |       |       |     4 ||     4
  Eat: Chunk             |       |     1 |     3 |     8 |     8 ||    20
       Ration            |       |       |       |     2 |     2 ||     4
Armor: Leather armour    |    16 |     7 |    11 |       |       ||    34
       Troll leather arm |       |       |    34 |   133 |   128 ||   295
Dodge: Dodged            |    68 |    43 |   201 |   517 |   500 ||  1329
